Ste. Rose Royals vs Sarnia Sailors
Created - Sunday, September 8, 2024 at 07:54
Goals
|
| Ste. Rose Royals |
1 |
0 |
1 |
2 |
| Sarnia Sailors |
2 |
3 |
0 |
5 |
|
Shots
|
| Ste. Rose Royals |
11 |
11 |
11 |
33 |
| Sarnia Sailors |
9 |
12 |
3 |
24 |
|
1st period
1. Sarnia Sailors , Brad Lambert 14 (Arthur Kaliyev 18) at 3:58 (PP)
2. Ste. Rose Royals , Alex Barre-Boulet 5 (Grigori Denisenko 10, Matthew Highmore 7) at 11:03
3. Sarnia Sailors , Arthur Kaliyev 18 (Brad Lambert 21) at 15:23 (PP)
Penalties :
Mathias Emilio Pettersen (BWK) for High sticking (Minor) at 3:54, Declan Chisholm (SAR) for Fighting (Major) at 11:20, Patrick Maroon (BWK) for Fighting (Major) at 11:20, Isaac Ratcliffe (BWK) for Hooking (Minor) at 15:22
2nd period
4. Sarnia Sailors , Arthur Kaliyev 19 (Vasili Podkolzin 11, Brad Lambert 22) at 0:14
5. Sarnia Sailors , Jesse Puljujarvi 10 (Tristen Nielsen 6) at 3:38 (PP)
6. Sarnia Sailors , Vasili Podkolzin 10 (Declan Chisholm 11, Arthur Kaliyev 19) at 10:09 (PP)
Penalties :
Logan Morrison (SAR) for Fighting (Major) at 2:45, Mathias Emilio Pettersen (BWK) for Fighting (Major) at 2:45, Calen Addison (BWK) for Tripping (Minor) at 3:01, Patrick Maroon (BWK) for Cross-checking (Minor) at 8:27, Tyson Hinds (SAR) for Fighting (Major) at 10:44, Cale Fleury (BWK) for Fighting (Major) at 10:44, Declan Chisholm (SAR) for Roughing (Minor) at 10:51, Brad Lambert (SAR) for Boarding (Minor) at 15:14
3rd period
7. Ste. Rose Royals , Alex Barre-Boulet 6 (Brogan Rafferty 2, Cameron Hughes 2) at 14:22
Penalties :
Jett Woo (SAR) for Fighting (Major) at 0:49, Cale Fleury (BWK) for Fighting (Major) at 0:49, Jett Woo (SAR) for instigated a fight (Minor) at 0:49, Jett Woo (SAR) for instigated a fight (10 Minutes Misconduct) at 0:49, Tristen Nielsen (SAR) for High sticking (Minor) at 7:33, Tyson Hinds (SAR) for Roughing (Minor) at 17:36
Goalie Stats
Thomas Milic (BWK), 19 saves from 24 shots - (0.792), L, 2-3-0, 60:00 minutes
Remi Poirier (SAR), 31 saves from 33 shots - (0.939), W, 10-1-0, 60:00 minutes
Players Stats for Ste. Rose Royals
Player Name G A P +/- PIM S H SB GA TA FO MP PP MP PK MP
------------------------------------------------------------------------------------
Alex Barre-Boulet 2 0 2 2 0 4 1 0 1 0 0/1 13:39 0:44 0:39
Alex Jefferies 0 0 0 0 0 1 1 0 0 0 0/0 6:53 0:00 0:00
Brogan Rafferty 0 1 1 2 0 0 1 0 0 1 0/0 15:36 2:16 0:00
Cale Fleury 0 0 0 0 10 2 0 0 1 3 0/0 17:37 1:59 1:10
Calen Addison 0 0 0 -1 2 2 0 3 1 0 0/0 24:43 5:34 1:02
Cameron Hughes 0 1 1 2 0 0 2 0 1 0 3/7 12:01 0:00 0:00
Grigori Denisenko 0 1 1 -1 0 1 4 0 0 0 1/1 19:51 4:05 0:00
Isaac Ratcliffe 0 0 0 0 2 0 0 0 0 0 0/0 3:16 0:44 0:00
Jack St. Ivany 0 0 0 0 0 2 0 1 0 2 0/0 21:42 4:16 1:10
John Hayden 0 0 0 -1 0 3 3 0 1 1 8/16 19:51 4:05 0:00
Luke Philp 0 0 0 1 0 1 1 0 0 0 1/3 7:15 0:44 0:13
Mathias Emilio Pettersen 0 0 0 1 7 0 0 0 1 1 0/5 14:46 0:00 0:00
Matthew Highmore 0 1 1 -1 0 4 1 0 0 0 0/1 21:04 4:05 1:13
Michael Amadio 0 0 0 0 0 6 0 2 2 0 0/0 19:07 5:06 1:11
Mike Reilly 0 0 0 -1 0 2 3 2 0 0 0/0 25:30 5:39 1:14
Patrick Maroon 0 0 0 0 7 1 3 0 3 0 0/1 20:50 5:06 0:19
Tyson Jost 0 0 0 0 0 4 0 0 0 1 11/16 19:09 5:06 1:13
Wyatt Kalynuk 0 0 0 2 0 0 0 3 0 1 0/0 14:38 0:06 0:12
Players Stats for Sarnia Sailors
Player Name G A P +/- PIM S H SB GA TA FO MP PP MP PK MP
------------------------------------------------------------------------------------
Adam Erne 0 0 0 0 0 1 1 2 0 2 1/2 17:08 0:00 5:11
Adam Ginning 0 0 0 -1 0 0 2 1 0 0 0/0 15:14 0:00 1:28
Antti Saarela 0 0 0 -2 0 0 1 0 0 1 2/3 10:35 0:00 0:11
Arthur Kaliyev 2 2 4 1 0 3 4 0 0 1 0/1 19:40 1:46 2:16
Brad Lambert 1 2 3 1 2 2 0 1 1 1 9/18 18:45 1:46 2:03
Cole Reinhardt 0 0 0 0 0 0 0 0 0 0 0/0 11:09 0:38 0:00
Declan Chisholm 0 1 1 0 7 1 2 1 0 1 0/0 21:55 2:19 4:38
Jack Rathbone 0 0 0 1 0 1 0 2 0 2 0/0 21:45 0:04 4:09
Jamie Drysdale 0 0 0 0 0 5 3 2 1 2 0/0 28:49 2:20 5:46
Jesse Puljujarvi 1 0 1 0 0 3 1 0 1 1 0/0 13:00 0:38 0:00
Jett Woo 0 0 0 0 17 1 2 0 1 0 0/0 15:20 0:04 2:23
Landon Slaggert 0 0 0 -2 0 2 0 0 2 0 0/0 13:06 0:00 2:28
Logan Morrison 0 0 0 0 5 1 2 0 2 0 4/12 15:10 0:00 5:37
Lucas Edmonds 0 0 0 -2 0 1 0 0 0 0 0/0 10:29 0:00 0:00
Samuel Walker 0 0 0 0 0 0 0 0 0 0 0/0 10:01 0:00 0:00
Tristen Nielsen 0 1 1 0 2 2 2 0 0 0 9/12 15:23 0:38 2:04
Tyson Hinds 0 0 0 -2 7 0 0 2 0 0 0/0 16:40 0:01 1:26
Vasili Podkolzin 1 1 2 1 0 1 2 1 2 0 2/3 15:48 1:46 0:00
3 Stars
1 - Arthur Kaliyev (SAR)
2 - Vasili Podkolzin (SAR)
3 - Alex Barre-Boulet (BWK)
Power Play
Ste. Rose Royals - 0 on 5 Attempt(s) - 0.00%
Sarnia Sailors - 4 on 4 Attempt(s) - 100.00%
Penalty Kill
Ste. Rose Royals - 0 on 4 Attempt(s) - 0.00%
- Score 0 goal in Penalty Kill
Sarnia Sailors - 5 on 5 Attempt(s) - 100.00%
- Score 0 goal in Penalty Kill
Team Stat
Ste. Rose Royals - Hits : 20 - Faceoff Wins : 24 - Blocked Shots : 11 - Penalty Minutes : 28
Sarnia Sailors - Hits : 22 - Faceoff Wins : 27 - Blocked Shots : 12 - Penalty Minutes : 40
Official
Referees : Chris Schlenker and Tom Chmielewski
Linesman : Julien Fournier and Ryan Jackson
Game Notes
Declan Chisholm and Patrick Maroon fight to a draw at 11:20 of 1st period
Logan Morrison beats up Mathias Emilio Pettersen at 2:45 of 2nd period
Tyson Hinds and Cale Fleury fight to a draw at 10:44 of 2nd period
Cale Fleury beats up Jett Woo at 0:49 of 3rd period
Ste. Rose Royals
5 vs 5 Forward
Center Left Wing Right Wing Time % Phy DF OF
1 Tyson Jost Patrick Maroon Michael Amadio 30 1 2 2
2 John Hayden Matthew Highmore Grigori Denisenko 30 1 2 2
3 Cameron Hughes Alex Barre-Boulet Mathias Emilio Pettersen 25 1 2 2
4 Mathias Emilio Pettersen Alex Jefferies Patrick Maroon 15 1 2 2
5 vs 5 Defense
Defense Defense Time % Phy DF OF
1 Mike Reilly Calen Addison 30 1 2 2
2 Jack St. Ivany Cale Fleury 30 1 2 2
3 Brogan Rafferty Wyatt Kalynuk 25 1 2 2
4 Mike Reilly Calen Addison 15 1 2 2
PowerPlay Forward
Center Left Wing Right Wing Time % Phy DF OF
1 Tyson Jost Patrick Maroon Michael Amadio 50 1 2 2
2 John Hayden Matthew Highmore Grigori Denisenko 50 1 2 2
PowerPlay Defense
Defense Defense Time % Phy DF OF
1 Mike Reilly Calen Addison 50 1 2 2
2 Jack St. Ivany Cale Fleury 50 1 2 2
Penalty Kill 4 Players Forward
Center Wing Time % Phy DF OF
1 Patrick Maroon Michael Amadio 50 1 2 2
2 Tyson Jost Matthew Highmore 50 1 2 2
Penalty Kill 4 Players Defense
Defense Defense Time % Phy DF OF
1 Mike Reilly Calen Addison 50 1 2 2
2 Jack St. Ivany Cale Fleury 50 1 2 2
Penalty Kill - 3 Players Forward
Forward Time % Phy DF OF
1 Patrick Maroon 50 1 2 2
2 Michael Amadio 50 1 2 2
Penalty Kill - 3 Players Defense
Defense Defense Time % Phy DF OF
1 Mike Reilly Calen Addison 50 1 2 2
2 Jack St. Ivany Cale Fleury 50 1 2 2
4 vs 4 Forward
Center Wing Time % Phy DF OF
1 Patrick Maroon Michael Amadio 50 1 2 2
2 Tyson Jost Matthew Highmore 50 1 2 2
4 vs 4 Defense
Defense Defense Time % Phy DF OF
1 Mike Reilly Calen Addison 50 1 2 2
2 Jack St. Ivany Cale Fleury 50 1 2 2
Last Minutes Offensive
Center Left Wing Right Wing Defense Defense
Tyson Jost Patrick Maroon Michael Amadio Mike Reilly Calen Addison
Last Minutes Defensive
Center Left Wing Right Wing Defense Defense
Tyson Jost Patrick Maroon Michael Amadio Mike Reilly Calen Addison
Goaltenders
Starting : Thomas Milic
Backup : Unknown Goalie
Extra Forwards
Normal : Luke Philp, Isaac Ratcliffe, Alex Barre-Boulet - PP : Luke Philp, Isaac Ratcliffe - PK : Alex Barre-Boulet
Extra Defensemen
Normal : Brogan Rafferty, Wyatt Kalynuk, Jack St. Ivany - PP : Brogan Rafferty - PK : Wyatt Kalynuk, Jack St. Ivany
Penalty Shots
Patrick Maroon, Michael Amadio, Tyson Jost, Matthew Highmore, Grigori Denisenko
Scratches
Libor Hajek (Healthy), Carter Savoie (Healthy), Tyler Benson (Healthy), Tanner Fritz (Healthy), Jared McIsaac (Healthy)
Erik Kallgren (Healthy), Yaroslav Askarov (Healthy)
Sarnia Sailors
5 vs 5 Forward
Center Left Wing Right Wing Time % Phy DF OF
1 Brad Lambert Vasili Podkolzin Arthur Kaliyev 40 2 1 2
2 Tristen Nielsen Adam Erne Jesse Puljujarvi 30 2 1 2
3 Logan Morrison Samuel Walker Cole Reinhardt 20 1 2 2
4 Antti Saarela Landon Slaggert Lucas Edmonds 10 2 1 2
5 vs 5 Defense
Defense Defense Time % Phy DF OF
1 Jamie Drysdale Declan Chisholm 40 1 2 2
2 Jett Woo Jack Rathbone 30 2 1 2
3 Tyson Hinds Adam Ginning 20 2 2 1
4 Jamie Drysdale Jack Rathbone 10 1 2 2
PowerPlay Forward
Center Left Wing Right Wing Time % Phy DF OF
1 Brad Lambert Vasili Podkolzin Arthur Kaliyev 60 0 1 4
2 Tristen Nielsen Cole Reinhardt Jesse Puljujarvi 40 0 1 4
PowerPlay Defense
Defense Defense Time % Phy DF OF
1 Jamie Drysdale Declan Chisholm 60 1 1 3
2 Jett Woo Jack Rathbone 40 2 1 2
Penalty Kill 4 Players Forward
Center Wing Time % Phy DF OF
1 Logan Morrison Adam Erne 60 2 2 1
2 Tristen Nielsen Landon Slaggert 40 2 2 1
Penalty Kill 4 Players Defense
Defense Defense Time % Phy DF OF
1 Jamie Drysdale Declan Chisholm 60 2 1 2
2 Jett Woo Jack Rathbone 40 2 2 1
Penalty Kill - 3 Players Forward
Forward Time % Phy DF OF
1 Logan Morrison 60 2 1 2
2 Tristen Nielsen 40 2 2 1
Penalty Kill - 3 Players Defense
Defense Defense Time % Phy DF OF
1 Jamie Drysdale Declan Chisholm 60 2 1 2
2 Jett Woo Jack Rathbone 40 2 1 2
4 vs 4 Forward
Center Wing Time % Phy DF OF
1 Brad Lambert Arthur Kaliyev 60 2 1 2
2 Tristen Nielsen Vasili Podkolzin 40 2 1 2
4 vs 4 Defense
Defense Defense Time % Phy DF OF
1 Jamie Drysdale Declan Chisholm 60 1 2 2
2 Jett Woo Jack Rathbone 40 2 1 2
Last Minutes Offensive
Center Left Wing Right Wing Defense Defense
Brad Lambert Vasili Podkolzin Arthur Kaliyev Jamie Drysdale Jack Rathbone
Last Minutes Defensive
Center Left Wing Right Wing Defense Defense
Brad Lambert Vasili Podkolzin Arthur Kaliyev Jamie Drysdale Jack Rathbone
Goaltenders
Starting : Remi Poirier
Backup : Sebastian Cossa
Extra Forwards
Normal : Logan Morrison, Cole Reinhardt, Lucas Edmonds - PP : Logan Morrison, Cole Reinhardt - PK : Logan Morrison
Extra Defensemen
Normal : Tyson Hinds, Adam Ginning, Jamie Drysdale - PP : Tyson Hinds - PK : Tyson Hinds, Adam Ginning
Penalty Shots
Arthur Kaliyev, Jesse Puljujarvi, Adam Erne, Vasili Podkolzin, Samuel Walker
Scratches
Daniel Torgersson (Healthy), Tyler Boucher (Healthy), Zach Uens (Healthy), Rory Kerins (Healthy), Dylan Ferguson (Healthy)
% Time on Ice - Ste. Rose Royals
Lines # - Real PCT - Wanted PCT - Time Play
Normal Forward
1 - 27% - 30% - 13:01
2 - 33% - 30% - 15:46
3 - 25% - 25% - 12:01
4 - 14% - 15% - 6:53
Normal Defense
1 - 27% - 30% - 13:02
2 - 35% - 30% - 16:47
3 - 27% - 25% - 12:46
4 - 11% - 15% - 5:06
PP Forward
1 - 59% - 50% - 5:50
2 - 41% - 50% - 4:05
PP Defense
1 - 56% - 50% - 5:34
2 - 44% - 50% - 4:21
PK Forward
1 - 49% - 50% - 1:11
2 - 51% - 50% - 1:13
PK Defense
1 - 51% - 50% - 1:14
2 - 49% - 50% - 1:10
PK3 Forward
1 - 0% - 50%
2 - 0% - 50%
PK3 Defense
1 - 0% - 50%
2 - 0% - 50%
44 Forward
1 - 0% - 50%
2 - 0% - 50%
44 Defense
1 - 0% - 50%
2 - 0% - 50%
Last Minute Offensive - 0:00
Last Minute Defensive - 0:00
Total
Forward - 60:00
Defense - 60:00
|
% Time on Ice - Sarnia Sailors
Lines # - Real PCT - Wanted PCT - Time Play
Normal Forward
1 - 32% - 40% - 15:06
2 - 27% - 30% - 12:41
3 - 21% - 20% - 10:01
4 - 21% - 10% - 9:53
Normal Defense
1 - 36% - 40% - 17:19
2 - 37% - 30% - 17:29
3 - 23% - 20% - 10:56
4 - 4% - 10% - 1:57
PP Forward
1 - 74% - 60% - 1:46
2 - 26% - 40% - 0:38
PP Defense
1 - 97% - 60% - 2:20
2 - 3% - 40% - 0:04
PK Forward
1 - 75% - 60% - 7:27
2 - 25% - 40% - 2:28
PK Defense
1 - 61% - 60% - 6:00
2 - 39% - 40% - 3:55
PK3 Forward
1 - 0% - 60%
2 - 0% - 40%
PK3 Defense
1 - 0% - 60%
2 - 0% - 40%
44 Forward
1 - 0% - 60%
2 - 0% - 40%
44 Defense
1 - 0% - 60%
2 - 0% - 40%
Last Minute Offensive - 0:00
Last Minute Defensive - 0:00
Total
Forward - 60:00
Defense - 60:00
|
Play-by-Play
1st period
0:01 of 1st period - Brad Lambert wins face-off versus Tyson Jost in neutral zone.
0:58 of 1st period - Jack St. Ivany is hit by Jamie Drysdale and loses puck.
1:57 of 1st period - Brad Lambert is hit by Patrick Maroon and loses puck.
2:18 of 1st period - Snap shot by Michael Amadio.
2:18 of 1st period - Stopped by Remi Poirier with a rebound.
2:33 of 1st period - Off-side.
2:34 of 1st period - Tristen Nielsen wins face-off versus John Hayden in neutral zone.
2:47 of 1st period - Wrist shot by Tristen Nielsen.
2:47 of 1st period - Stopped by Thomas Milic with a rebound.
2:49 of 1st period - Wrist shot by Jack Rathbone.
2:49 of 1st period - Deflect By Jesse Puljujarvi.
2:49 of 1st period - Shot Misses the Net.
2:49 of 1st period - Puck is out of play.
2:50 of 1st period - Cameron Hughes wins face-off versus Logan Morrison in Ste. Rose Royals zone.
3:27 of 1st period - Snap shot by Samuel Walker.
3:27 of 1st period - Shot Blocked by Calen Addison.
3:32 of 1st period - Off-side.
3:33 of 1st period - Tristen Nielsen wins face-off versus Cameron Hughes in neutral zone.
3:54 of 1st period - Minor Penalty to Mathias Emilio Pettersen for High sticking.
3:55 of 1st period - Brad Lambert wins face-off versus Patrick Maroon in Ste. Rose Royals zone.
3:58 of 1st period - Snap shot by Brad Lambert.
3:58 of 1st period - Goal by Brad Lambert - Ste. Rose Royals : 0 - Sarnia Sailors : 1.
3:59 of 1st period - Tristen Nielsen wins face-off versus Mathias Emilio Pettersen in neutral zone.
5:05 of 1st period - Snap shot by Alex Barre-Boulet.
5:05 of 1st period - Shot Misses the Net.
5:07 of 1st period - Slapshot by Cale Fleury.
5:07 of 1st period - Stopped by Remi Poirier with a rebound.
5:41 of 1st period - Slapshot by Michael Amadio.
5:41 of 1st period - Shot Blocked by Tyson Hinds.
6:05 of 1st period - Lucas Edmonds is hit by John Hayden.
6:14 of 1st period - Off-side.
6:15 of 1st period - Tyson Jost wins face-off versus Logan Morrison in neutral zone.
6:46 of 1st period - Off-side.
6:47 of 1st period - John Hayden wins face-off versus Brad Lambert in neutral zone.
6:50 of 1st period - Wrist shot by Grigori Denisenko.
6:50 of 1st period - Deflect By Matthew Highmore.
6:50 of 1st period - Stopped by Remi Poirier with a rebound.
7:00 of 1st period - Snap shot by Brad Lambert.
7:00 of 1st period - Stopped by Thomas Milic with a rebound.
7:02 of 1st period - Wrist shot by Arthur Kaliyev.
7:02 of 1st period - Shot Misses the Net.
8:18 of 1st period - Snap shot by Alex Barre-Boulet.
8:18 of 1st period - Shot Misses the Net.
8:20 of 1st period - Slapshot by Jack St. Ivany.
8:20 of 1st period - Stopped by Remi Poirier with a rebound.
8:22 of 1st period - Snap shot by Jack St. Ivany.
8:22 of 1st period - Stopped by Remi Poirier with a rebound.
8:49 of 1st period - Wrist shot by John Hayden.
8:49 of 1st period - Stopped by Remi Poirier with a rebound.
8:59 of 1st period - Snap shot by Landon Slaggert.
8:59 of 1st period - Stopped by Thomas Milic with a rebound.
9:13 of 1st period - Jack Rathbone is hit by Patrick Maroon and loses puck.
9:28 of 1st period - Slapshot by Logan Morrison.
9:28 of 1st period - Stopped by Thomas Milic with a rebound.
9:52 of 1st period - Jack Rathbone is hit by Grigori Denisenko and loses puck.
10:03 of 1st period - Snap shot by Logan Morrison.
10:03 of 1st period - Shot Misses the Net.
10:25 of 1st period - Snap shot by Arthur Kaliyev.
10:25 of 1st period - Shot Blocked by Wyatt Kalynuk.
10:27 of 1st period - Snap shot by Arthur Kaliyev.
10:27 of 1st period - Shot Misses the Net.
10:29 of 1st period - Snap shot by Vasili Podkolzin.
10:29 of 1st period - Shot Blocked by Wyatt Kalynuk.
10:31 of 1st period - Snap shot by Arthur Kaliyev.
10:31 of 1st period - Shot Blocked by Michael Amadio.
10:33 of 1st period - Wrist shot by Jack Rathbone.
10:33 of 1st period - Stopped by Thomas Milic with a rebound.
11:03 of 1st period - Snap shot by Alex Barre-Boulet.
11:03 of 1st period - Goal by Alex Barre-Boulet - Ste. Rose Royals : 1 - Sarnia Sailors : 1.
11:04 of 1st period - Brad Lambert wins face-off versus Mathias Emilio Pettersen in neutral zone.
11:17 of 1st period - Snap shot by Patrick Maroon.
11:17 of 1st period - Shot Blocked by Brad Lambert.
11:19 of 1st period - Wrist shot by Patrick Maroon.
11:19 of 1st period - Shot Misses the Net.
11:20 of 1st period - Declan Chisholm and Patrick Maroon fight to a draw.
11:20 of 1st period - Penalty to Declan Chisholm for Fighting.
11:20 of 1st period - Penalty to Patrick Maroon for Fighting.
11:21 of 1st period - Brad Lambert wins face-off versus Luke Philp in Sarnia Sailors zone.
11:21 of 1st period - Brad Lambert is hit by Alex Jefferies.
11:45 of 1st period - Mathias Emilio Pettersen is hit by Arthur Kaliyev and loses puck.
11:56 of 1st period - Snap shot by Mike Reilly.
11:56 of 1st period - Stopped by Remi Poirier without a rebound.
11:57 of 1st period - Tristen Nielsen wins face-off versus John Hayden in Sarnia Sailors zone.
12:43 of 1st period - Mathias Emilio Pettersen is hit by Logan Morrison and loses puck.
13:10 of 1st period - Adam Erne is hit by John Hayden and loses puck.
13:31 of 1st period - Antti Saarela is hit by Luke Philp and loses puck.
14:12 of 1st period - Wrist shot by Mathias Emilio Pettersen.
14:12 of 1st period - Deflect By Alex Jefferies.
14:12 of 1st period - Stopped by Remi Poirier without a rebound.
14:13 of 1st period - Brad Lambert wins face-off versus Mathias Emilio Pettersen in Sarnia Sailors zone.
14:40 of 1st period - John Hayden is hit by Jett Woo and loses puck.
14:47 of 1st period - Jesse Puljujarvi is hit by John Hayden and loses puck.
15:22 of 1st period - Minor Penalty to Isaac Ratcliffe for Hooking.
15:23 of 1st period - Brad Lambert wins face-off versus Matthew Highmore in Ste. Rose Royals zone.
15:23 of 1st period - Slapshot by Arthur Kaliyev.
15:23 of 1st period - Goal by Arthur Kaliyev - Ste. Rose Royals : 1 - Sarnia Sailors : 2.
15:24 of 1st period - Cameron Hughes wins face-off versus Brad Lambert in neutral zone.
15:40 of 1st period - Wrist shot by Vasili Podkolzin.
15:40 of 1st period - Deflect By Arthur Kaliyev.
15:40 of 1st period - Shot Misses the Net.
15:40 of 1st period - Puck is out of play.
15:41 of 1st period - John Hayden wins face-off versus Tristen Nielsen in Ste. Rose Royals zone.
16:06 of 1st period - Michael Amadio is hit by Arthur Kaliyev and loses puck.
16:31 of 1st period - Wrist shot by Landon Slaggert.
16:31 of 1st period - Shot Blocked by Calen Addison.
16:33 of 1st period - Slapshot by Tyson Hinds.
16:33 of 1st period - Shot Misses the Net.
16:35 of 1st period - Slapshot by Jamie Drysdale.
16:35 of 1st period - Stopped by Thomas Milic with a rebound.
16:37 of 1st period - Slapshot by Jamie Drysdale.
16:37 of 1st period - Deflect By Alex Barre-Boulet.
16:37 of 1st period - Stopped by Thomas Milic with a rebound.
16:53 of 1st period - Jett Woo is hit by Mike Reilly and loses puck.
17:18 of 1st period - Wrist shot by Jesse Puljujarvi.
17:18 of 1st period - Shot Misses the Net.
18:28 of 1st period - Backhand shot by Jesse Puljujarvi.
18:28 of 1st period - Shot Misses the Net.
19:24 of 1st period - Snap shot by Tyson Jost.
19:24 of 1st period - Shot Blocked by Jamie Drysdale.
19:26 of 1st period - Wrist shot by Michael Amadio.
19:26 of 1st period - Stopped by Remi Poirier with a rebound.
19:28 of 1st period - Slapshot by Patrick Maroon.
19:28 of 1st period - Shot Misses the Net.
19:30 of 1st period - Wrist shot by Tyson Jost.
19:30 of 1st period - Stopped by Remi Poirier with a rebound.
19:34 of 1st period - Snap shot by Patrick Maroon.
19:34 of 1st period - Shot Blocked by Declan Chisholm.
Goals for this period are 1 for Ste. Rose Royals vs 2 for Sarnia Sailors.
Shots for this period are 11 for Ste. Rose Royals vs 9 for Sarnia Sailors.
2nd period
0:01 of 2nd period - John Hayden wins face-off versus Brad Lambert in neutral zone.
0:04 of 2nd period - Wrist shot by Grigori Denisenko.
0:04 of 2nd period - Stopped by Remi Poirier without a rebound.
0:05 of 2nd period - Brad Lambert wins face-off versus John Hayden in Sarnia Sailors zone.
0:14 of 2nd period - Snap shot by Arthur Kaliyev.
0:14 of 2nd period - Goal by Arthur Kaliyev - Ste. Rose Royals : 1 - Sarnia Sailors : 3.
0:15 of 2nd period - Vasili Podkolzin wins face-off versus Cameron Hughes in neutral zone.
0:18 of 2nd period - Cameron Hughes is hit by Arthur Kaliyev and loses puck.
1:10 of 2nd period - Backhand shot by Tyson Jost.
1:10 of 2nd period - Shot Misses the Net.
1:22 of 2nd period - Mathias Emilio Pettersen is hit by Jamie Drysdale and loses puck.
1:50 of 2nd period - Snap shot by Matthew Highmore.
1:50 of 2nd period - Stopped by Remi Poirier with a rebound.
1:52 of 2nd period - Slapshot by Brogan Rafferty.
1:52 of 2nd period - Shot Misses the Net.
1:54 of 2nd period - Wrist shot by John Hayden.
1:54 of 2nd period - Stopped by Remi Poirier without a rebound.
1:55 of 2nd period - Tyson Jost wins face-off versus Tristen Nielsen in Sarnia Sailors zone.
1:56 of 2nd period - Wrist shot by Patrick Maroon.
1:56 of 2nd period - Deflect By Michael Amadio.
1:56 of 2nd period - Stopped by Remi Poirier with a rebound.
1:58 of 2nd period - Wrist shot by Tyson Jost.
1:58 of 2nd period - Shot Misses the Net.
2:00 of 2nd period - Slapshot by Jack St. Ivany.
2:00 of 2nd period - Shot Misses the Net.
2:08 of 2nd period - Wrist shot by Tyson Jost.
2:08 of 2nd period - Deflect By Michael Amadio.
2:08 of 2nd period - Stopped by Remi Poirier with a rebound.
2:10 of 2nd period - Snap shot by Tyson Jost.
2:10 of 2nd period - Deflect By Patrick Maroon.
2:10 of 2nd period - Stopped by Remi Poirier with a rebound.
2:20 of 2nd period - Arthur Kaliyev is hit by Matthew Highmore.
2:42 of 2nd period - Snap shot by Cameron Hughes.
2:42 of 2nd period - Deflect By Jamie Drysdale.
2:42 of 2nd period - Shot Blocked by Jamie Drysdale.
2:42 of 2nd period - Puck is out of play.
2:43 of 2nd period - Logan Morrison wins face-off versus Cameron Hughes in Sarnia Sailors zone.
2:45 of 2nd period - Logan Morrison beats up Mathias Emilio Pettersen.
2:45 of 2nd period - Penalty to Logan Morrison for Fighting.
2:45 of 2nd period - Penalty to Mathias Emilio Pettersen for Fighting.
2:46 of 2nd period - Vasili Podkolzin wins face-off versus Luke Philp in neutral zone.
2:59 of 2nd period - Slapshot by Arthur Kaliyev.
2:59 of 2nd period - Shot Blocked by Calen Addison.
3:01 of 2nd period - Minor Penalty to Calen Addison for Tripping.
3:02 of 2nd period - Tyson Jost wins face-off versus Arthur Kaliyev in Ste. Rose Royals zone.
3:02 of 2nd period - Tyson Jost is hit by Arthur Kaliyev.
3:38 of 2nd period - Snap shot by Jesse Puljujarvi.
3:38 of 2nd period - Goal by Jesse Puljujarvi - Ste. Rose Royals : 1 - Sarnia Sailors : 4.
3:39 of 2nd period - John Hayden wins face-off versus Brad Lambert in neutral zone.
3:50 of 2nd period - Slapshot by Brad Lambert.
3:50 of 2nd period - Shot Misses the Net.
3:52 of 2nd period - Snap shot by Vasili Podkolzin.
3:52 of 2nd period - Shot Blocked by Mike Reilly.
4:13 of 2nd period - Slapshot by Tristen Nielsen.
4:13 of 2nd period - Shot Misses the Net.
4:51 of 2nd period - Wrist shot by Lucas Edmonds.
4:51 of 2nd period - Stopped by Thomas Milic with a rebound.
5:38 of 2nd period - Cole Reinhardt is hit by Alex Barre-Boulet and loses puck.
6:26 of 2nd period - Landon Slaggert is hit by Mike Reilly and loses puck.
6:49 of 2nd period - Grigori Denisenko is hit by Jamie Drysdale and loses puck.
7:04 of 2nd period - Slapshot by Jamie Drysdale.
7:04 of 2nd period - Stopped by Thomas Milic with a rebound.
7:44 of 2nd period - Slapshot by Cale Fleury.
7:44 of 2nd period - Stopped by Remi Poirier with a rebound.
8:20 of 2nd period - Michael Amadio is hit by Antti Saarela and loses puck.
8:27 of 2nd period - Minor Penalty to Patrick Maroon for Cross-checking.
8:28 of 2nd period - Tyson Jost wins face-off versus Tristen Nielsen in Ste. Rose Royals zone.
8:41 of 2nd period - Wrist shot by Mike Reilly.
8:41 of 2nd period - Deflect By Tyson Jost.
8:41 of 2nd period - Stopped by Remi Poirier with a rebound.
8:52 of 2nd period - Icing by Declan Chisholm.
8:53 of 2nd period - Tristen Nielsen wins face-off versus Alex Barre-Boulet in Sarnia Sailors zone.
9:05 of 2nd period - Icing by Jamie Drysdale.
9:06 of 2nd period - Brad Lambert wins face-off versus Tyson Jost in Sarnia Sailors zone.
9:29 of 2nd period - Snap shot by Brad Lambert.
9:29 of 2nd period - Shot Blocked by Michael Amadio.
9:45 of 2nd period - Snap shot by Matthew Highmore.
9:45 of 2nd period - Stopped by Remi Poirier with a rebound.
10:03 of 2nd period - Snap shot by Arthur Kaliyev.
10:03 of 2nd period - Shot Misses the Net.
10:05 of 2nd period - Wrist shot by Arthur Kaliyev.
10:05 of 2nd period - Shot Misses the Net.
10:07 of 2nd period - Slapshot by Declan Chisholm.
10:07 of 2nd period - Stopped by Thomas Milic with a rebound.
10:09 of 2nd period - Snap shot by Vasili Podkolzin.
10:09 of 2nd period - Goal by Vasili Podkolzin - Ste. Rose Royals : 1 - Sarnia Sailors : 5.
10:10 of 2nd period - Tristen Nielsen wins face-off versus John Hayden in neutral zone.
10:22 of 2nd period - Slapshot by Calen Addison.
10:22 of 2nd period - Stopped by Remi Poirier with a rebound.
10:24 of 2nd period - Slapshot by Calen Addison.
10:24 of 2nd period - Shot Blocked by Adam Erne.
10:26 of 2nd period - Slapshot by Calen Addison.
10:26 of 2nd period - Shot Blocked by Adam Ginning.
10:36 of 2nd period - Mike Reilly is hit by Adam Ginning and loses puck.
10:44 of 2nd period - Tyson Hinds and Cale Fleury fight to a draw.
10:44 of 2nd period - Penalty to Tyson Hinds for Fighting.
10:44 of 2nd period - Penalty to Cale Fleury for Fighting.
10:45 of 2nd period - John Hayden wins face-off versus Vasili Podkolzin in Sarnia Sailors zone.
10:51 of 2nd period - Minor Penalty to Declan Chisholm for Roughing.
10:52 of 2nd period - Logan Morrison wins face-off versus Tyson Jost in Sarnia Sailors zone.
12:51 of 2nd period - Penalty to Declan Chisholm is over, Declan Chisholm is back on ice.
12:56 of 2nd period - Snap shot by Luke Philp.
12:56 of 2nd period - Stopped by Remi Poirier with a rebound.
13:12 of 2nd period - Wrist shot by Declan Chisholm.
13:12 of 2nd period - Shot Misses the Net.
13:14 of 2nd period - Snap shot by Declan Chisholm.
13:14 of 2nd period - Shot Blocked by Wyatt Kalynuk.
13:22 of 2nd period - Wrist shot by Arthur Kaliyev.
13:22 of 2nd period - Stopped by Thomas Milic without a rebound.
13:23 of 2nd period - Antti Saarela wins face-off versus Mathias Emilio Pettersen in Ste. Rose Royals zone.
13:24 of 2nd period - Snap shot by Landon Slaggert.
13:24 of 2nd period - Stopped by Thomas Milic with a rebound.
13:45 of 2nd period - Icing by Mathias Emilio Pettersen.
13:46 of 2nd period - Tristen Nielsen wins face-off versus Mathias Emilio Pettersen in Ste. Rose Royals zone.
14:06 of 2nd period - Snap shot by Patrick Maroon.
14:06 of 2nd period - Deflect By Mathias Emilio Pettersen.
14:06 of 2nd period - Shot Misses the Net.
14:06 of 2nd period - Puck is out of play.
14:07 of 2nd period - Antti Saarela wins face-off versus John Hayden in Sarnia Sailors zone.
14:12 of 2nd period - Slapshot by Jamie Drysdale.
14:12 of 2nd period - Shot Misses the Net.
14:14 of 2nd period - Slapshot by Jamie Drysdale.
14:14 of 2nd period - Stopped by Thomas Milic without a rebound.
14:15 of 2nd period - John Hayden wins face-off versus Antti Saarela in Ste. Rose Royals zone.
14:24 of 2nd period - Slapshot by Mike Reilly.
14:24 of 2nd period - Shot Blocked by Jack Rathbone.
14:40 of 2nd period - Calen Addison is hit by Jett Woo and loses puck.
14:47 of 2nd period - Wrist shot by Jesse Puljujarvi.
14:47 of 2nd period - Stopped by Thomas Milic with a rebound.
14:49 of 2nd period - Slapshot by Jett Woo.
14:49 of 2nd period - Stopped by Thomas Milic with a rebound.
14:51 of 2nd period - Slapshot by Jack Rathbone.
14:51 of 2nd period - Shot Blocked by Mike Reilly.
14:53 of 2nd period - Snap shot by Jesse Puljujarvi.
14:53 of 2nd period - Stopped by Thomas Milic with a rebound.
15:09 of 2nd period - Off-side.
15:10 of 2nd period - Tyson Jost wins face-off versus Brad Lambert in neutral zone.
15:14 of 2nd period - Minor Penalty to Brad Lambert for Boarding.
15:15 of 2nd period - John Hayden wins face-off versus Logan Morrison in Sarnia Sailors zone.
15:19 of 2nd period - Slapshot by Matthew Highmore.
15:19 of 2nd period - Deflect By John Hayden.
15:19 of 2nd period - Shot Blocked by Adam Erne.
15:19 of 2nd period - Puck is out of play.
15:20 of 2nd period - Adam Erne wins face-off versus John Hayden in Sarnia Sailors zone.
15:20 of 2nd period - Adam Erne is hit by Grigori Denisenko.
15:44 of 2nd period - Penalty to Tyson Hinds is over, Tyson Hinds is back on ice.
17:14 of 2nd period - Penalty to Brad Lambert is over, Brad Lambert is back on ice.
18:38 of 2nd period - Backhand shot by Alex Jefferies.
18:38 of 2nd period - Shot Misses the Net.
Goals for this period are 0 for Ste. Rose Royals vs 3 for Sarnia Sailors.
Shots for this period are 11 for Ste. Rose Royals vs 12 for Sarnia Sailors.
3rd period
0:01 of 3rd period - Tyson Jost wins face-off versus Brad Lambert in neutral zone.
0:10 of 3rd period - Slapshot by Michael Amadio.
0:10 of 3rd period - Deflect By Arthur Kaliyev.
0:10 of 3rd period - Stopped by Remi Poirier without a rebound.
0:11 of 3rd period - Tyson Jost wins face-off versus Brad Lambert in Sarnia Sailors zone.
0:12 of 3rd period - Snap shot by Michael Amadio.
0:12 of 3rd period - Shot Misses the Net.
0:14 of 3rd period - Slapshot by Mike Reilly.
0:14 of 3rd period - Stopped by Remi Poirier with a rebound.
0:16 of 3rd period - Snap shot by Tyson Jost.
0:16 of 3rd period - Shot Blocked by Vasili Podkolzin.
0:24 of 3rd period - Snap shot by Michael Amadio.
0:24 of 3rd period - Shot Misses the Net.
0:36 of 3rd period - John Hayden is hit by Tristen Nielsen and loses puck.
0:46 of 3rd period - Snap shot by Tristen Nielsen.
0:46 of 3rd period - Stopped by Thomas Milic without a rebound.
0:47 of 3rd period - Tristen Nielsen wins face-off versus Tyson Jost in Ste. Rose Royals zone.
0:48 of 3rd period - Wrist shot by Jesse Puljujarvi.
0:48 of 3rd period - Deflect By Adam Erne.
0:48 of 3rd period - Stopped by Thomas Milic with a rebound.
0:49 of 3rd period - Cale Fleury beats up Jett Woo.
0:49 of 3rd period - Penalty to Jett Woo for Fighting.
0:49 of 3rd period - Penalty to Cale Fleury for Fighting.
0:49 of 3rd period - Penalty to Jett Woo for instigated a fight.
0:49 of 3rd period - Penalty to Jett Woo for instigated a fight.
0:50 of 3rd period - Tyson Jost wins face-off versus Logan Morrison in Ste. Rose Royals zone.
2:01 of 3rd period - Slapshot by Calen Addison.
2:01 of 3rd period - Stopped by Remi Poirier with a rebound.
2:49 of 3rd period - Penalty to Jett Woo is over, Arthur Kaliyev is send on ice.
3:05 of 3rd period - Snap shot by Alex Barre-Boulet.
3:05 of 3rd period - Shot Misses the Net.
3:07 of 3rd period - Slapshot by Alex Barre-Boulet.
3:07 of 3rd period - Stopped by Remi Poirier with a rebound.
3:09 of 3rd period - Backhand shot by Luke Philp.
3:09 of 3rd period - Deflect By Cameron Hughes.
3:09 of 3rd period - Shot Misses the Net.
3:09 of 3rd period - Puck is out of play.
3:10 of 3rd period - Logan Morrison wins face-off versus Cameron Hughes in Sarnia Sailors zone.
3:10 of 3rd period - Jack Rathbone is hit by Brogan Rafferty and loses puck.
3:20 of 3rd period - Icing by Jack Rathbone.
3:21 of 3rd period - Logan Morrison wins face-off versus John Hayden in Sarnia Sailors zone.
3:21 of 3rd period - Logan Morrison is hit by Grigori Denisenko.
3:43 of 3rd period - Jamie Drysdale is hit by Cameron Hughes and loses puck.
4:26 of 3rd period - Antti Saarela is hit by Grigori Denisenko and loses puck.
4:47 of 3rd period - Alex Barre-Boulet is hit by Tristen Nielsen and loses puck.
6:03 of 3rd period - Adam Erne is hit by Cameron Hughes and loses puck.
6:53 of 3rd period - Calen Addison is hit by Vasili Podkolzin and loses puck.
7:24 of 3rd period - Tristen Nielsen is hit by Patrick Maroon and loses puck.
7:33 of 3rd period - Minor Penalty to Tristen Nielsen for High sticking.
7:34 of 3rd period - John Hayden wins face-off versus Logan Morrison in Sarnia Sailors zone.
7:39 of 3rd period - Slapshot by Grigori Denisenko.
7:39 of 3rd period - Deflect By Matthew Highmore.
7:39 of 3rd period - Stopped by Remi Poirier with a rebound.
7:41 of 3rd period - Snap shot by John Hayden.
7:41 of 3rd period - Stopped by Remi Poirier with a rebound.
8:04 of 3rd period - Calen Addison is hit by Logan Morrison and loses puck.
8:26 of 3rd period - Icing by Jack St. Ivany.
8:27 of 3rd period - Brad Lambert wins face-off versus John Hayden in Ste. Rose Royals zone.
9:33 of 3rd period - Penalty to Tristen Nielsen is over, Tristen Nielsen is back on ice.
9:39 of 3rd period - Vasili Podkolzin is hit by Mike Reilly and loses puck.
9:48 of 3rd period - Snap shot by Alex Barre-Boulet.
9:48 of 3rd period - Shot Blocked by Tyson Hinds.
10:21 of 3rd period - Slapshot by Jamie Drysdale.
10:21 of 3rd period - Stopped by Thomas Milic with a rebound.
10:45 of 3rd period - Matthew Highmore is hit by Declan Chisholm and loses puck.
12:01 of 3rd period - Wyatt Kalynuk is hit by Adam Erne and loses puck.
12:40 of 3rd period - Mike Reilly is hit by Vasili Podkolzin and loses puck.
13:01 of 3rd period - Jack St. Ivany is hit by Declan Chisholm and loses puck.
14:20 of 3rd period - Snap shot by Alex Barre-Boulet.
14:20 of 3rd period - Stopped by Remi Poirier with a rebound.
14:22 of 3rd period - Snap shot by Brogan Rafferty.
14:22 of 3rd period - Deflect By Alex Barre-Boulet.
14:22 of 3rd period - Goal by Alex Barre-Boulet - Ste. Rose Royals : 2 - Sarnia Sailors : 5.
14:23 of 3rd period - Cameron Hughes wins face-off versus Brad Lambert in neutral zone.
14:36 of 3rd period - Slapshot by Mike Reilly.
14:36 of 3rd period - Shot Misses the Net.
14:38 of 3rd period - Slapshot by Calen Addison.
14:38 of 3rd period - Deflect By Alex Barre-Boulet.
14:38 of 3rd period - Shot Blocked by Jack Rathbone.
14:38 of 3rd period - Puck is out of play.
14:39 of 3rd period - Tristen Nielsen wins face-off versus Tyson Jost in Sarnia Sailors zone.
14:48 of 3rd period - Slapshot by Michael Amadio.
14:48 of 3rd period - Stopped by Remi Poirier with a rebound.
14:50 of 3rd period - Snap shot by Patrick Maroon.
14:50 of 3rd period - Shot Misses the Net.
14:52 of 3rd period - Slapshot by Tyson Jost.
14:52 of 3rd period - Stopped by Remi Poirier without a rebound.
14:53 of 3rd period - Grigori Denisenko wins face-off versus Brad Lambert in Sarnia Sailors zone.
15:08 of 3rd period - Slapshot by Mike Reilly.
15:08 of 3rd period - Deflect By Matthew Highmore.
15:08 of 3rd period - Shot Misses the Net.
15:08 of 3rd period - Puck is out of play.
15:09 of 3rd period - Tyson Jost wins face-off versus Adam Erne in Sarnia Sailors zone.
15:12 of 3rd period - Snap shot by Tyson Jost.
15:12 of 3rd period - Stopped by Remi Poirier with a rebound.
15:20 of 3rd period - Calen Addison is hit by Jesse Puljujarvi and loses puck.
15:49 of 3rd period - 10 Minutes Misconduct Penalty to Jett Woo is over.
16:16 of 3rd period - Cale Fleury is hit by Adam Ginning and loses puck.
16:39 of 3rd period - Slapshot by Adam Ginning.
16:39 of 3rd period - Shot Blocked by Jack St. Ivany.
16:51 of 3rd period - Snap shot by Antti Saarela.
16:51 of 3rd period - Shot Misses the Net.
17:36 of 3rd period - Minor Penalty to Tyson Hinds for Roughing.
17:37 of 3rd period - Tyson Jost wins face-off versus Logan Morrison in Sarnia Sailors zone.
18:03 of 3rd period - Icing by Michael Amadio.
18:04 of 3rd period - Tyson Jost wins face-off versus Logan Morrison in Ste. Rose Royals zone.
18:37 of 3rd period - Wrist shot by Arthur Kaliyev.
18:37 of 3rd period - Deflect By Brad Lambert.
18:37 of 3rd period - Shot Misses the Net.
18:37 of 3rd period - Puck is out of play.
18:38 of 3rd period - Luke Philp wins face-off versus Logan Morrison in Ste. Rose Royals zone.
19:36 of 3rd period - Penalty to Tyson Hinds is over, Tyson Hinds is back on ice.
Goals for this period are 1 for Ste. Rose Royals vs 0 for Sarnia Sailors.
Shots for this period are 11 for Ste. Rose Royals vs 3 for Sarnia Sailors.
Back to the Top